Map: [ESL] Stargazers

Players

Solar

  • Race: Zerg Zerg
  • Spawn Location: 11:00

Reynor - Winner!

  • Race: Protoss Protoss
  • Spawn Location: 1:00

Event: DreamHack SC2 Masters 2022 Valencia

VOD

Have the link to the VOD?

Description

Time

  • Played on: July 1, 2022, 1:55 p.m.
  • Length: 12:28

All games in this series

Show
View Real Time Build Order
Export as new Build Order

Solar Zerg 

Build Orders: Hatch First 

Get SALT Encoding   

  12  0:00  Drone  
  13  0:12  Overlord  
  13  0:17  Drone  
  14  0:31  Drone x2  
  16  0:49  Hatchery  
  15  0:52  Drone  
  15  0:56  Drone  
  17  0:58  Drone  
  18  1:10  Extractor  
  17  1:14  Spawning Pool  
  17  1:17  Drone  
  17  1:21  Drone  
  18  1:29  Drone  
  19  1:39  Drone  
  20  1:49  Overlord  
  20  2:02  Queen x2  
  20  2:03  Zergling x4  
  26  2:12  Drone  
  26  2:14  Drone  
  26  2:15  Metabolic Boost  
  28  2:24  Drone x2  
  30  2:36  Hatchery  
  29  2:38  Drone  
  30  2:45  Queen  
  30  2:49  Overlord  
  31  2:51  Drone  
  31  2:54  Drone  
  31  2:56  Drone  
  31  2:58  Drone  
  35  3:08  Drone x2  
  35  3:10  Drone x3  
  40  3:14  Queen  
  40  3:17  Spore Crawler  
  41  3:20  Drone  
  41  3:24  Overlord  
  42  3:27  Drone  
  43  3:38  Evolution Chamber, Drone  
  43  3:39  Overlord  
  43  3:41  Queen  
  43  3:43  Drone  
  43  3:44  Drone x2  
  43  3:46  Drone  
  49  3:49  Drone  
  49  3:52  Queen  
  52  3:55  Spore Crawler  
  52  3:59  Drone x2  
  53  4:03  Overlord  
  53  4:05  Drone x2  
  53  4:08  Drone  
  53  4:09  Zerg Melee Weapons Level 1  
  56  4:11  Drone  
  56  4:13  Overlord  
  57  4:18  Drone x2  
  57  4:21  Spore Crawler  
  59  4:24  Drone x3  
  59  4:26  Drone  
  59  4:28  Drone x2  
  59  4:31  Drone  
  66  4:32  Drone  
  66  4:35  Zergling x2  
  68  4:38  Zergling x2  
  68  4:42  Zergling x2  
  70  4:45  Extractor, Lair  
  70  4:46  Drone  
  70  4:47  Extractor  
  70  4:49  Overlord  
  70  4:50  Drone x2  
  70  4:52  Drone  
  71  5:03  Roach Warren  
  71  5:04  Hatchery  
  71  5:05  Drone x2  
  71  5:06  Drone x2  
  73  5:08  Zergling x6  
  73  5:11  Overlord  
  73  5:12  Zergling x4  
  78  5:15  Zergling x2  
  78  5:17  Extractor  
  78  5:18  Extractor  
  78  5:19  Baneling Nest  
  76  5:26  Drone x5  
  81  5:28  Overlord  
  81  5:29  Extractor  
  81  5:30  Drone  
  81  5:32  Overlord  
  83  5:35  Zergling x2  
  83  5:37  Drone x2  
  83  5:38  Drone x2  
  83  5:41  Zergling x6  
  89  5:46  Queen x2  
  93  5:50  Overlord  
  93  5:54  Overlord  
  93  5:57  Zergling x8  
  93  5:58  Spore Crawler  
  93  5:59  Zergling x2  
  93  6:01  Overlord  
  97  6:04  Spore Crawler, Drone  
  97  6:08  Baneling  
  97  6:09  Baneling x9  
  97  6:10  Baneling  
  97  6:12  Overlord  
  97  6:13  Zergling x2  
  97  6:15  Zergling x4  
  100  6:18  Zerg Melee Weapons Level 2  
  100  6:20  Zergling x2  
  100  6:23  Zergling x6  
  104  6:29  Zergling x6  
  104  6:30  Zergling x2  
  104  6:31  Zergling x4  
  110  6:35  Drone x2  
  110  6:38  Queen  
  109  6:40  Drone  
  109  6:41  Drone  
  109  6:46  Queen x2  
  111  6:48  Drone x2  
  111  6:49  Spore Crawler, Drone  
  111  6:52  Queen  
  111  6:54  Drone  
  118  6:55  Drone  
  118  6:56  Drone  
  118  6:58  Drone  
  120  7:03  Spore Crawler, Drone  
  120  7:05  Overseer  
  120  7:06  Drone, Overlord  
  120  7:07  Drone x3  
  120  7:08  Overlord  
  124  7:10  Overlord  
  124  7:12  Overlord  
  124  7:18  Spore Crawler, Overlord  
  124  7:19  Overlord  
  124  7:22  Overlord  
  123  7:26  Drone x2  
  123  7:27  Infestation Pit, Drone x2  
  123  7:28  Drone  
  127  7:31  Zergling x8  
  127  7:33  Drone  
  127  7:34  Drone x2  
  127  7:35  Drone  
  129  7:43  Drone  
  129  7:44  Drone  
  129  7:45  Zergling x6  
  129  7:46  Zergling x2  
  129  7:48  Drone  
  129  7:50  Drone  
  133  7:53  Hatchery  
  133  7:54  Drone  
  133  7:59  Zergling x6  
  133  8:05  Roach x9  
  153  8:06  Overseer  
  153  8:08  Overlord  
  154  8:12  Drone  
  154  8:14  Drone x2  
  154  8:16  Zergling x6  
  159  8:20  Overlord  
  159  8:21  Zergling x2  
  159  8:23  Overlord  
  159  8:25  Overlord  
  160  8:29  Spore Crawler, Overlord  
  160  8:30  Drone  
  160  8:33  Roach x4  
  164  8:34  Roach  
  164  8:40  Zergling x10  
  164  8:41  Zerg Missile Weapons Level 1  
  169  8:43  Baneling x10  
  169  8:44  Zergling x2  
  169  8:45  Zergling x10  
  175  8:48  Hive  
  175  8:50  Zergling x4  
  177  8:56  Overlord  
  177  9:00  Overlord  
  177  9:03  Centrifugal Hooks  
  177  9:05  Drone  
  177  9:06  Drone  
  177  9:08  Drone x2  
  177  9:09  Roach x3  
  182  9:12  Extractor  
  182  9:13  Overlord  
  182  9:15  Zergling x10  
  182  9:16  Drone  
  187  9:20  Zergling x8  
  187  9:21  Drone  
  187  9:22  Drone  
  188  9:26  Zergling x4  
  188  9:31  Zergling x8  
  188  9:34  Ravager x3  
  188  9:35  Baneling x4  
  188  9:37  Spire  
  194  9:42  Drone x4  
  194  9:46  Overlord  
  194  9:47  Zergling x8  
  194  9:48  Zergling x2  
  194  9:49  Zergling x2  
  194  9:52  Baneling x8  
  197  9:56  Baneling x8  
  197  9:57  Zergling x14  
  197  9:58  Zergling x2  
  197  10:03  Hatchery  
  197  10:05  Zergling x8  
  199  10:07  Glial Reconstitution  
  199  10:09  Adrenal Glands  
  199  10:11  Drone x3  
  199  10:12  Drone  
  199  10:13  Drone  
  199  10:14  Drone  
  179  10:15  Drone  
  179  10:16  Drone  
  179  10:18  Drone x2  
  179  10:21  Drone x2, Ravager  
  175  10:23  Drone  
  175  10:26  Baneling x7  
  175  10:27  Drone x2  
  180  10:32  Zergling x4  
  182  10:35  Baneling x9  
  182  10:36  Baneling x5  
  182  10:38  Zergling x6  
  182  10:40  Baneling  
  182  10:42  Zergling x10  
  190  10:46  Zergling x10  
  192  10:50  Zergling x6  
  192  10:55  Zergling x8  
  185  11:02  Zergling x8  
  185  11:03  Zergling x2  
  190  11:05  Drone  
  191  11:11  Zergling x2  
  191  11:12  Zergling x8  
  191  11:13  Baneling x14  
  191  11:15  Zergling x6  
  199  11:22  Zergling x2  
  199  11:23  Zergling x18  
  199  11:27  Evolution Chamber  
  199  11:29  Zergling x4  
  179  11:35  Zergling x16  
  179  11:37  Zergling x8  
  179  11:38  Queen  
  179  11:43  Roach x6  
  174  11:47  Queen  
  174  11:49  Roach x2  
  174  11:50  Roach x2  
  174  11:52  Zergling x4  
  164  11:57  Zergling x8  
  164  12:00  Ravager  
  168  12:01  Zergling x6  
  168  12:02  Zergling x2  
  168  12:04  Zergling x4  
  168  12:05  Zergling x2  
  165  12:10  Zergling x2  
  165  12:11  Zergling x4  
Show
View Real Time Build Order
Export as new Build Order

Reynor Protoss - Winner!

Build Orders: 1 Gate Expand, Oracle Opening, Phoenix Opening, Mass Phoenix 

Get SALT Encoding   

  12  0:00  Probe  
  13  0:12  Probe  
  14  0:18  Pylon  
  14  0:24  Probe  
  15  0:36  Probe (Chrono Boost)  
  15  0:38  Gateway  
  16  0:48  Probe (Chrono Boost), Assimilator  
  17  0:53  Probe (Chrono Boost)  
  18  1:03  Probe  
  19  1:15  Probe  
  20  1:24  Nexus  
  20  1:34  Cybernetics Core  
  20  1:37  Probe  
  21  1:44  Assimilator  
  21  1:49  Probe  
  21  1:54  Pylon  
  22  2:01  Probe  
  23  2:13  Probe (Chrono Boost), Stargate  
  24  2:17  Adept  
  26  2:25  Probe (Chrono Boost)  
  26  2:26  Warp Gate  
  27  2:30  Probe (Chrono Boost)  
  27  2:37  Probe (Chrono Boost)  
  29  2:42  Probe (Chrono Boost)  
  30  2:47  Adept, Probe (Chrono Boost)  
  30  2:50  Probe (Chrono Boost)  
  34  2:53  Probe (Chrono Boost)  
  34  2:57  Oracle (Chrono Boost)  
  34  2:58  Probe  
  38  3:04  Probe  
  40  3:10  Probe  
  40  3:12  Gateway  
  41  3:16  Probe  
  41  3:17  Pylon  
  42  3:22  Probe  
  42  3:25  Phoenix (Chrono Boost)  
  43  3:28  Probe  
  46  3:35  Probe  
  47  3:42  Probe  
  47  3:43  Pylon  
  47  3:45  Stargate  
  47  3:47  Probe  
  49  3:48  Assimilator  
  49  3:54  Probe  
  50  4:02  Nexus  
  50  4:05  Phoenix (Chrono Boost)  
  50  4:08  Probe  
  50  4:09  Probe  
  54  4:13  Assimilator  
  54  4:20  Probe  
  54  4:21  Phoenix (Chrono Boost)  
  54  4:22  Probe  
  58  4:28  Pylon  
  58  4:33  Probe  
  58  4:34  Probe  
  62  4:39  Phoenix (Chrono Boost)  
  62  4:46  Probe x2  
  62  4:50  Phoenix (Chrono Boost)  
  66  4:53  Pylon  
  66  4:54  Phoenix (Chrono Boost)  
  66  4:58  Probe x2  
  70  5:11  Probe x2, Phoenix (Chrono Boost)  
  70  5:12  Phoenix (Chrono Boost)  
  76  5:15  Probe  
  77  5:23  Probe x2  
  77  5:27  Pylon, Probe  
  80  5:29  Phoenix (Chrono Boost)  
  80  5:31  Twilight Council  
  84  5:35  Probe x2  
  84  5:38  Shield Battery  
  84  5:39  Probe  
  84  5:40  Sentry  
  87  5:47  Probe x2, Assimilator  
  89  5:51  Probe, Phoenix  
  89  5:52  Assimilator  
  89  5:54  Pylon  
  92  5:57  Pylon  
  92  5:59  Probe x2  
  92  6:00  Forge  
  92  6:03  Probe  
  95  6:07  Zealot x2  
  95  6:10  Phoenix  
  101  6:12  Probe x2  
  101  6:13  Pylon  
  101  6:15  Probe  
  101  6:18  Charge  
  104  6:24  Probe  
  105  6:27  Sentry x2  
  105  6:29  Probe x2  
  105  6:31  Pylon  
  111  6:36  Phoenix  
  111  6:39  Probe  
  114  6:42  Protoss Ground Weapons Level 1 (Chrono Boost)  
  114  6:51  Gateway x2  
  114  6:55  Photon Cannon, Pylon  
  114  6:56  Templar Archives  
  114  6:58  Phoenix  
  116  7:03  Photon Cannon  
  116  7:06  Pylon  
  116  7:10  Gateway  
  116  7:11  Gateway  
  116  7:13  Photon Cannon, Pylon  
  116  7:21  Gateway  
  116  7:23  Gateway  
  116  7:25  Gateway  
  116  7:26  Psionic Storm, Gateway, Zealot  
  116  7:27  Zealot  
  116  7:28  Protoss Air Weapons Level 1  
  120  7:49  Pylon  
  120  7:50  High Templar x2  
  124  7:58  Forge  
  124  7:59  Nexus  
  124  8:01  Probe  
  124  8:02  High Templar x2  
  124  8:05  Pylon  
  129  8:07  Archon, High Templar  
  129  8:08  High Templar  
  129  8:09  Probe x2  
  129  8:12  Pylon  
  135  8:13  Probe  
  135  8:14  Archon  
  135  8:18  Shield Battery  
  136  8:21  Probe x2, Shield Battery  
  136  8:22  Photon Cannon  
  136  8:25  High Templar  
  136  8:26  High Templar  
  142  8:28  Probe  
  142  8:29  Photon Cannon  
  142  8:30  Photon Cannon  
  142  8:31  Shield Battery  
  142  8:32  Archon  
  142  8:33  Probe  
  142  8:34  Probe, Shield Battery  
  145  8:36  Photon Cannon  
  145  8:39  High Templar  
  145  8:40  Pylon, Probe  
  148  8:42  Robotics Facility  
  148  8:46  Probe x2  
  148  8:47  Protoss Ground Weapons Level 2 (Chrono Boost)  
  148  8:52  Probe  
  149  8:58  Probe  
  149  9:01  Protoss Shields Level 1 (Chrono Boost), Assimilator  
  150  9:04  Probe  
  150  9:05  Assimilator  
  150  9:09  High Templar  
  153  9:10  Photon Cannon x2  
  153  9:19  Photon Cannon  
  153  9:23  Nexus  
  153  9:24  Pylon  
  153  9:28  Probe x2  
  153  9:36  High Templar x2  
  153  9:38  Observer (Chrono Boost)  
  158  9:39  Pylon  
  158  9:49  High Templar x2  
  158  9:51  Zealot x3  
  158  9:52  Zealot x3  
  174  9:54  Photon Cannon  
  174  9:56  Photon Cannon  
  174  9:58  Pylon  
  174  10:01  Archon  
  174  10:04  Warp Prism (Chrono Boost)  
  174  10:05  Probe  
  174  10:06  Probe  
  176  10:10  Probe  
  179  10:17  Probe  
  178  10:22  Gateway  
  178  10:23  Gateway  
  178  10:25  Gateway  
  178  10:26  Gateway, High Templar x4  
  178  10:28  Probe x2, Gateway  
  188  10:30  Gateway  
  188  10:31  Gateway, High Templar x2  
  192  10:39  Archon  
  192  10:40  Archon x2  
  192  10:44  Assimilator  
  192  10:45  Assimilator  
  180  11:02  High Templar x2  
  184  11:08  Archon  
  185  11:11  Observer  
  185  11:17  High Templar  
  187  11:25  Zealot x7  
  182  11:40  Zealot x9  
  198  11:48  High Templar  
  198  11:49  High Templar  
  197  11:56  Archon, High Templar x2  
  197  11:57  High Templar x2  
  197  11:58  Zealot  
  195  12:02  Zealot  
  195  12:03  Zealot x4  
  195  12:04  Archon x2  
  183  12:11  Zealot x2  
  183  12:12  Zealot x3  
  175  12:25  Zealot x7  
  175  12:26  Zealot x6  

Tags
 
Add a new tag
Caveats
  • Supply blocks, unpowered buildings, or Contaminate may cause inaccurate times.
  • Supply counts are checked every 10 seconds.